[Event "Titled Tuesday Blitz June 07 Early 2022"]
[White "Khripachenko, Alexander"]
[Black "Maghsoodloo, Parham"]
[WhiteFideId "54184975"]
[BlackFideId "12539929"]
[WhiteElo "2138"]
[BlackElo "2607"]
[Result "0-1"]
[Round "02"]
[TimeControl "180+1"]
[Date "2022.06.07"]
[WhiteClock "0:00:03"]
[BlackClock "0:01:23"]

1. e4 c5 2. Nf3 e6 3. d4 cxd4 4. Nxd4 Nc6 5. Nc3 a6 6. Bf4 Qb6 7. Nb3 Nf6 8. a3 Ne7 9. Bd3 Ng6 10. Bg3 h5 11. h3 h4 12. Bh2 Bd6 13. Bxd6 Qxd6 14. a4 Nf4 15. Qf3 Rh5 16. O-O-O Ng6 17. Rhe1 Qe5 18. Be2 Qg5+ 19. Kb1 Ne5 20. Qe3 Qxe3 21. fxe3 Rg5 22. Bf1 b6 23. Nd2 Rg3 24. Nf3 Nxf3 25. gxf3 Bb7 26. e5 Nh5 27. f4 g5 28. Ne2 gxf4 29. Nxf4 Nxf4 30. exf4 Rc8 31. Rd4 Rc5 32. Red1 Bc6 33. b3 a5 34. Kb2 Rd5 35. Rxd5 Bxd5 36. Rd3 Be4 37. Rc3 Rg1 38. Bb5 Kd8 39. Re3 Bf5 40. Re2 Rd1 41. Rg2 Rd4 42. Rg7 Bg6 43. Rg8+ Kc7 0-1


[Site "https://www.chess.com"]

[Event "Titled Tuesday Blitz June 07 Early 2022"]
[White "Kobo, Ori"]
[Black "Golubev, Mikhail"]
[WhiteFideId "2812320"]
[BlackFideId "14100983"]
[WhiteElo "2420"]
[BlackElo "2374"]
[Result "0-1"]
[Round "02"]
[TimeControl "180+1"]
[Date "2022.06.07"]
[WhiteClock "0:00:04"]
[BlackClock "0:00:13"]

1. d4 Nf6 2. g3 g6 3. Bg2 Bg7 4. e4 d6 5. Ne2 O-O 6. Nbc3 e5 7. O-O Nbd7 8. h3 Re8 9. Re1 exd4 10. Nxd4 Nc5 11. Bf4 Bd7 12. Qd2 Rb8 13. a4 a5 14. Ndb5 Bc6 15. Bg5 Qd7 16. Bxf6 Bxf6 17. b3 Bxb5 18. axb5 Bxc3 19. Qxc3 b6 20. Qc4 Qe7 21. f4 Qf6 22. Rad1 Re7 23. c3 Rbe8 24. b4 axb4 25. cxb4 Ne6 26. e5 dxe5 27. Bc6 Nd4 28. Bxe8 Nf3+ 29. Kg2 Nxe1+ 30. Rxe1 Rxe8 31. Qxc7 e4 32. Qc6 Qb2+ 33. Kf1 Re6 34. Qa8+ Kg7 35. Qa1 Qxa1 36. Rxa1 Rd6 37. Ke2 Rd4 38. Ra6 Rxb4 39. Rxb6 Rb3 40. Kf2 h5 41. Rb7 Rf3+ 42. Kg2 Rb3 43. b6 Rb2+ 44. Kf1 e3 45. h4 Kf6 46. Ke1 Kf5 47. Rxf7+ Ke4 48. b7 Kf3 49. Kd1 e2+ 50. Kc1 Rxb7 51. Rxb7 e1=Q+ 52. Kb2 Qd2+ 53. Ka3 Qc3+ 54. Rb3 Qxb3+ 55. Kxb3 Kxg3 56. f5 gxf5 0-1


[Site "https://www.chess.com"]

[Event "Titled Tuesday Blitz June 07 Early 2022"]
[White "Lagno, Kateryna"]
[Black "Shohat, Yotam"]
[WhiteFideId "14109336"]
[BlackFideId "2813955"]
[WhiteElo "2522"]
[BlackElo "2119"]
[Result "0-1"]
[Round "02"]
[TimeControl "180+1"]
[Date "2022.06.08"]
[WhiteClock "0:00:03"]
[BlackClock "0:00:06"]

1. e4 c5 2. Nf3 a6 3. c3 e6 4. d4 d5 5. e5 Bd7 6. Bd3 Bb5 7. Bxb5+ axb5 8. dxc5 Bxc5 9. b4 Bb6 10. Qd3 Qd7 11. Na3 Rxa3 12. Bxa3 Ne7 13. Bc1 O-O 14. h4 Nbc6 15. Ng5 Nf5 16. Qe2 f6 17. exf6 Rxf6 18. Nf3 e5 19. Bg5 Rf8 20. Qxb5 e4 21. Qxb6 exf3 22. O-O-O fxg2 23. Rhg1 d4 24. b5 Ne5 25. Qc5 Nf3 26. Rxg2 Rc8 27. Qb4 Qd5 28. Qb3 Qxb3 29. axb3 Rxc3+ 30. Kb2 h6 31. Bf4 N5xh4 32. Rg4 g5 33. Bg3 Nf5 34. Re4 Rc5 35. b6 h5 36. Bc7 g4 37. Re8+ Kf7 38. Rb8 Rb5 39. Rxb7 Ke6 40. Ra7 Kd7 41. Bf4+ Kc6 42. Bc7 d3 43. Rc1+ Kd5 44. Bf4 N5d4 45. b7 Rxb3+ 46. Ka2 Rxb7 47. Rxb7 d2 48. Rd1 Ke4 49. Bxd2 Kd3 50. Be3+ Ke2 51. Rxd4 Nxd4 52. Bxd4 h4 53. Rh7 h3 54. Kb3 Kf3 55. Kc4 Kg2 56. Kd5 h2 57. Be5 h1=Q 58. Rxh1 Kxh1 59. Bg3 Kg2 0-1


[Site "https://www.chess.com"]

[Event "Titled Tuesday Blitz June 07 Early 2022"]
[White "Le, Tuan Minh"]
[Black "Jia, Haoxiang"]
[WhiteFideId "12401153"]
[BlackFideId "8602999"]
[WhiteElo "2530"]
[BlackElo "2615"]
[Result "1-0"]
[Round "02"]
[TimeControl "180+1"]
[Date "2022.06.07"]
[WhiteClock "0:00:40"]
[BlackClock "0:00:03"]

1. d4 d5 2. Nf3 Nf6 3. Bf4 g6 4. e3 Bg7 5. Be2 O-O 6. O-O c5 7. c3 Nc6 8. Nbd2 Nh5 9. Bg5 Qb6 10. Qb3 c4 11. Qa3 h6 12. Bh4 g5 13. Bg3 Nxg3 14. hxg3 Bf5 15. b3 cxb3 16. axb3 Rfe8 17. b4 a6 18. Nb3 e5 19. Rfe1 Bf8 20. Qa2 Bg4 21. Nc5 Rad8 22. Bf1 Bxf3 23. gxf3 Qc7 24. Qc2 Qc8 25. Bd3 Bxc5 26. bxc5 Ne7 27. Rab1 Kg7 28. Rb6 f5 29. dxe5 Rf8 30. f4 Rd7 31. c6 bxc6 32. Rxa6 Rb7 33. Rb1 Qc7 34. Rxb7 Qxb7 35. Qa2 Nc8 36. Qa4 Nb6 37. Qb4 Rb8 38. Rxb6 Qxb6 39. Qe7+ Kg8 40. Bxf5 Qb7 41. Qd6 Rf8 42. Bd3 Qg7 43. f5 Kh8 44. f6 Qf7 45. Bg6 Qxg6 46. Qxf8+ Kh7 47. e6 Qb1+ 48. Kh2 Qf5 49. Qg7# 1-0


[Site "https://www.chess.com"]

[Event "Titled Tuesday Blitz June 07 Early 2022"]
[White "Levitskiy, Andrey"]
[Black "Bluebaum, Matthias"]
[WhiteFideId "14132885"]
[BlackFideId "24651516"]
[WhiteElo "2301"]
[BlackElo "2556"]
[Result "0-1"]
[Round "02"]
[TimeControl "180+1"]
[Date "2022.06.07"]
[WhiteClock "0:00:03"]
[BlackClock "0:00:57"]

1. e4 c6 2. Nf3 d5 3. exd5 cxd5 4. Ne5 a6 5. d4 Nc6 6. c3 e6 7. Bd3 Bd6 8. f4 Nf6 9. Nd2 O-O 10. O-O Qc7 11. Qe2 b5 12. a3 Bb7 13. b4 Nd7 14. Nb3 Rae8 15. Bd2 f5 16. Nxd7 Qxd7 17. a4 bxa4 18. Nc5 Bxc5 19. bxc5 Na5 20. Ra2 Nb3 21. Kh1 Ra8 22. Rg1 Bc6 23. g4 Bb5 24. gxf5 Rxf5 25. Qe3 Bxd3 26. Qxd3 Nxd2 27. Qxd2 Raf8 28. Rf1 Qb5 29. Qd1 Qc4 30. Raf2 Qxc3 31. Qxa4 Qd3 32. Qd7 Qe4+ 33. Kg1 R5f6 34. c6 Rg6+ 0-1


[Site "https://www.chess.com"]

[Event "Titled Tuesday Blitz June 07 Early 2022"]
[White "Lopez Idarraga, Daniel Eduardo"]
[Black "Atakhan, Abtin"]
[WhiteFideId "4405501"]
[BlackFideId "22502203"]
[WhiteElo "2050"]
[BlackElo "2087"]
[Result "0-1"]
[Round "02"]
[TimeControl "180+1"]
[Date "2022.06.08"]
[WhiteClock "0:00:05"]
[BlackClock "0:00:07"]

1. e4 c5 2. Nf3 Nc6 3. Bb5 e6 4. O-O Nge7 5. Re1 a6 6. Bf1 d5 7. exd5 Nxd5 8. d4 Nf6 9. Be3 cxd4 10. Nxd4 Bd7 11. Nc3 Be7 12. Qf3 O-O 13. Rad1 Qa5 14. Nb3 Qc7 15. Bf4 Qc8 16. Na4 Qe8 17. Nb6 Ra7 18. Bg5 Nb8 19. Qe3 Ng4 20. Qf4 Nf6 21. Qe3 Ng4 22. Qf4 Nf6 23. Qc7 Bc6 24. Na5 Bd8 25. Rxd8 Qxd8 26. Qxd8 Rxd8 27. Be3 Be8 28. Nbc4 Ra8 29. Nxb7 Nc6 30. Nxd8 Rxd8 31. Bd3 Nb4 32. Rd1 Nxd3 33. Rxd3 Rxd3 34. cxd3 Bb5 35. Kf1 Nd5 36. Ke2 f6 37. Kd2 Bc6 38. g3 Kf7 39. Kc2 Nb4+ 40. Kd2 e5 41. a3 Nd5 42. Kc2 Ba4+ 43. b3 Bc6 44. Bd2 Ke6 45. a4 g5 46. Kb2 h5 47. Ka3 h4 48. b4 h3 49. Ne3 Be8 50. Nxd5 Kxd5 51. Be3 Bg6 52. b5 axb5 53. axb5 Bxd3 54. b6 Kc6 55. Kb4 f5 56. Bxg5 Kxb6 57. Kc3 Be4 58. Bf6 Kc5 59. Bxe5 Kd5 60. Bf4 Bf3 61. Be3 Bg4 62. Kb4 Ke4 63. Kc5 Kf3 64. Kd4 Kg2 0-1


[Site "https://www.chess.com"]

[Event "Titled Tuesday Blitz June 07 Early 2022"]
[White "Lubbe, Nikolas"]
[Black "Vokhidov, Shamsiddin"]
[WhiteFideId "4694031"]
[BlackFideId "14204223"]
[WhiteElo "2447"]
[BlackElo "2611"]
[Result "1-0"]
[Round "02"]
[TimeControl "180+1"]
[Date "2022.06.07"]
[WhiteClock "0:00:13"]
[BlackClock "0:00:15"]

1. d4 Nf6 2. Nc3 d5 3. Bf4 c5 4. e3 cxd4 5. exd4 a6 6. Nf3 Nc6 7. Ne5 Bd7 8. Be2 e6 9. O-O Qb6 10. Na4 Qxd4 11. Nxc6 Qxf4 12. Nb6 bxc6 13. Nxa8 Qb8 14. Bxa6 Qxa8 15. Bd3 Bd6 16. Qd2 O-O 17. a4 Qb8 18. g3 c5 19. b3 e5 20. Rfd1 e4 21. Bf1 Re8 22. a5 d4 23. a6 e3 24. fxe3 Ne4 25. Qg2 Bc6 26. exd4 cxd4 27. a7 Qa8 28. Bd3 Ng5 29. Qf1 Bd7 30. Qg2 Nf3+ 31. Kf2 Bc6 32. Qh3 g6 33. Ra6 Ne5 34. Re1 Bd7 35. Qxd7 Nxd7 36. Rxe8+ Qxe8 37. a8=Q Bb8 38. Qe4 Qd8 39. Ra8 Kg7 40. Qxd4+ Kh6 41. Rxb8 Qxb8 42. Qxd7 Qb6+ 43. Kg2 f5 44. Qe7 Qc6+ 45. Kf2 Qb6+ 46. Qe3+ Qxe3+ 47. Kxe3 Kg5 48. Kf3 1-0


[Site "https://www.chess.com"]

[Event "Titled Tuesday Blitz June 07 Early 2022"]
[White "Manukian, Artak"]
[Black "Babazada, Khazar"]
[WhiteFideId "13301373"]
[BlackFideId "13413554"]
[WhiteElo "2575"]
[BlackElo "2406"]
[Result "0-1"]
[Round "02"]
[TimeControl "180+1"]
[Date "2022.06.07"]
[WhiteClock "0:00:01"]
[BlackClock "0:00:07"]

1. e4 c5 2. Nf3 Nc6 3. c3 Nf6 4. e5 Nd5 5. d4 cxd4 6. cxd4 d6 7. Nc3 e6 8. Bd3 dxe5 9. dxe5 Bb4 10. Bd2 Nxc3 11. Bxc3 Bxc3+ 12. bxc3 Qa5 13. O-O O-O 14. Qe2 Qxc3 15. Rac1 Qa3 16. Qe4 g6 17. Bb1 Qe7 18. Qf4 Kg7 19. Ng5 Bd7 20. Ne4 Nd4 21. Qd2 Nf5 22. Nf6 Bc6 23. Bxf5 exf5 24. Rfe1 Rfd8 25. Qg5 Qe6 26. Nh5+ Kf8 27. Qh6+ Ke7 28. Qg5+ Kd7 29. Nf6+ Kc7 30. Nxh7 Rd4 31. Qf6 Rad8 32. Qxe6 fxe6 33. Ng5 Kd7 34. Red1 Ke7 35. Rxd4 Rxd4 36. g3 Rd2 37. a3 Ra2 38. h4 Rxa3 39. Nh3 a5 40. Nf4 Kf7 41. Rd1 a4 42. Rd6 Ra1+ 0-1


[Site "https://www.chess.com"]

[Event "Titled Tuesday Blitz June 07 Early 2022"]
[White "Martinez Alcantara, Jose Eduardo"]
[Black "Jakubowski, Krzysztof"]
[WhiteFideId "3805662"]
[BlackFideId "1112848"]
[WhiteElo "2703"]
[BlackElo "2365"]
[Result "1-0"]
[Round "02"]
[TimeControl "180+1"]
[Date "2022.06.07"]
[WhiteClock "0:00:18"]
[BlackClock "0:00:01"]

1. e4 c5 2. Nf3 d6 3. Bb5+ Bd7 4. c4 Nf6 5. Nc3 e6 6. O-O Bxb5 7. cxb5 Be7 8. d4 cxd4 9. Nxd4 O-O 10. Qe2 Nbd7 11. Rd1 Rc8 12. Be3 Qc7 13. Rac1 Qb8 14. f4 Bd8 15. f5 Re8 16. fxe6 fxe6 17. Nf3 Be7 18. h3 Bf8 19. Bd4 Ne5 20. a4 Nfd7 21. Rf1 Be7 22. Kh1 Bf6 23. Rcd1 Rf8 24. Nh2 Qc7 25. Bg1 Be7 26. Nf3 Nxf3 27. Rxf3 Rxf3 28. Qxf3 Ne5 29. Qe2 b6 30. Bh2 Qc4 31. Qd2 Rf8 32. Bg3 h5 33. Qe2 Qb3 34. Bxe5 dxe5 35. Qxh5 Bf6 36. Qe2 Bg5 37. g3 Qb4 38. Kg2 Be7 39. h4 Bc5 40. Kh3 Bd4 41. Qg4 Qxb2 42. Qxe6+ Kh7 43. Nd5 1-0


[Site "https://www.chess.com"]

[Event "Titled Tuesday Blitz June 07 Early 2022"]
[White "Matlakov, Maxim"]
[Black "Sokolovsky, Yahli"]
[WhiteFideId "4168003"]
[BlackFideId "2820242"]
[WhiteElo "2669"]
[BlackElo "1770"]
[Result "1-0"]
[Round "02"]
[TimeControl "180+1"]
[Date "2022.06.07"]
[WhiteClock "0:00:28"]
[BlackClock "0:00:03"]

1. d4 d6 2. Nf3 g6 3. g3 Bg7 4. Bg2 Nf6 5. O-O O-O 6. Nc3 d5 7. Re1 Nbd7 8. e4 dxe4 9. Nxe4 Nxe4 10. Rxe4 Nf6 11. Re1 Be6 12. Rxe6 fxe6 13. Qe2 c6 14. Ng5 Qxd4 15. Nxe6 Qg4 16. Bf3 Qf5 17. Nxf8 Rxf8 18. c3 e5 19. Be3 e4 20. Bg2 Ng4 21. Bxa7 Qa5 22. Qc4+ Kh8 23. Bd4 Ne5 24. Qe6 Qd5 25. Qxd5 cxd5 26. Bxe5 Bxe5 27. Rd1 d4 28. cxd4 Rd8 29. Bxe4 Rxd4 30. Rxd4 Bxd4 31. Bxb7 Bxb2 32. a4 Bc3 33. Kf1 Kg7 34. Ke2 Ba5 35. f4 Kf6 36. Kf3 h6 37. Bc8 g5 38. f5 h5 39. h3 Ke5 40. g4 hxg4+ 41. Kxg4 Kf6 42. Kf3 Ke5 43. Ke3 Bb6+ 44. Kd3 Bd8 45. Kc4 Kd6 46. Kb5 Kc7 47. Be6 Be7 48. a5 Bf6 49. a6 Bd4 50. Bd5 Kd7 51. f6 Kc7 52. f7 Bg7 53. a7 1-0


[Site "https://www.chess.com"]

[Event "Titled Tuesday Blitz June 07 Early 2022"]
[White "Mikhailovsky, Vladimir"]
[Black "Namitbir Singh Walia"]
[WhiteFideId "34105414"]
[BlackFideId "35071068"]
[WhiteElo "2270"]
[BlackElo "1565"]
[Result "1/2-1/2"]
[Round "02"]
[TimeControl "180+1"]
[Date "2022.06.08"]
[WhiteClock "0:00:14"]
[BlackClock "0:00:04"]

1. d4 Nf6 2. c4 c5 3. Nf3 cxd4 4. Nxd4 Nc6 5. Nc3 g6 6. g3 Bg7 7. Bg2 O-O 8. O-O Qb6 9. Nb3 d6 10. Bg5 Be6 11. Nd5 Bxd5 12. cxd5 Na5 13. Be3 Qa6 14. Bd4 Rfc8 15. Qd2 Nxb3 16. axb3 Qb5 17. b4 Rc4 18. Bc3 Ne4 19. Bxe4 Rxe4 20. e3 Rc4 21. Ra5 Qb6 22. Rfa1 a6 23. b5 Bxc3 24. bxc3 Rc5 25. Qd3 Rac8 26. c4 Rxc4 27. bxa6 bxa6 28. Rxa6 Rc1+ 29. Kg2 Qb2 30. R1a2 Qb1 31. Qxb1 Rxb1 32. Ra7 Kf8 33. Ra8 Rxa8 34. Rxa8+ Kg7 35. Re8 Kf6 36. Rh8 h5 37. e4 Rb7 38. Rc8 Ke5 39. Rc4 Rb2 40. h3 e6 41. dxe6 fxe6 42. Kf3 Rb3+ 43. Ke2 g5 44. Ra4 Rb2+ 45. Ke3 Rb3+ 46. Ke2 Rb2+ 47. Kf3 Rb3+ 48. Kg2 Rb5 49. Rc4 g4 50. hxg4 hxg4 51. Ra4 Rb2 52. Kf1 Rc2 53. Ke1 Rb2 54. Kf1 Rd2 55. Rc4 Rd4 56. Rc8 Rxe4 57. f3 gxf3 58. Kf2 Ra4 59. Kxf3 Ra3+ 60. Kf2 d5 61. Rd8 Kd4 62. g4 e5 63. g5 Ra2+ 64. Kg3 Ra1 65. Kg2 Ra6 66. Rg8 Ke4 67. g6 Kf5 68. g7 Rg6+ 69. Kf3 Ke6 70. Re8+ Kf7 71. Rxe5 Kxg7 72. Rxd5 Rf6+ 73. Ke4 1/2-1/2


[Site "https://www.chess.com"]

[Event "Titled Tuesday Blitz June 07 Early 2022"]
[White "Molina, Roberto Junio Brito"]
[Black "Ambartsumova, Karina"]
[WhiteFideId "2109450"]
[BlackFideId "4166299"]
[WhiteElo "2432"]
[BlackElo "2262"]
[Result "1-0"]
[Round "02"]
[TimeControl "180+1"]
[Date "2022.06.07"]
[WhiteClock "0:00:16"]
[BlackClock "0:00:08"]

1. d4 Nf6 2. c4 e6 3. Nf3 d5 4. Nc3 Bb4 5. Qa4+ Nc6 6. Bg5 h6 7. Bxf6 Qxf6 8. e3 O-O 9. Rc1 Qg6 10. Qc2 Qxc2 11. Rxc2 a6 12. a3 Bxc3+ 13. Rxc3 Re8 14. Be2 Bd7 15. O-O dxc4 16. Rxc4 Rac8 17. Rfc1 Re7 18. b4 Be8 19. Rc5 Kf8 20. Bd3 Nb8 21. Be4 c6 22. R5c3 Nd7 23. Nd2 Nb6 24. Nb3 Rd8 25. Nc5 Nc8 26. f4 f6 27. Kf2 Nd6 28. Bd3 e5 29. dxe5 fxe5 30. g3 exf4 31. gxf4 Bf7 32. Kf3 Rde8 33. Re1 Bd5+ 34. e4 b6 35. Nxa6 Nxe4 36. Bxe4 Rxe4 37. Rxe4 Bxe4+ 38. Kf2 Ra8 39. Nc7 Bh1 40. Nxa8 1-0


[Site "https://www.chess.com"]

[Event "Titled Tuesday Blitz June 07 Early 2022"]
[White "Nakamura, Hikaru"]
[Black "Koelle, Tobias"]
[WhiteFideId "2016192"]
[BlackFideId "16207378"]
[WhiteElo "2850"]
[BlackElo "2541"]
[Result "1-0"]
[Round "02"]
[TimeControl "180+1"]
[Date "2022.06.07"]
[WhiteClock "0:01:06"]
[BlackClock "0:00:01"]

1. Nf3 d5 2. e3 Nf6 3. c4 e6 4. d4 a6 5. c5 b6 6. cxb6 c5 7. dxc5 Bxc5 8. Bd3 Bxb6 9. O-O O-O 10. b3 Nbd7 11. Nc3 Bb7 12. Na4 Ba7 13. Bb2 Qe7 14. Rc1 Rfc8 15. Bd4 Nc5 16. Nxc5 Bxc5 17. Qe2 Bxd4 18. exd4 Qd6 19. Ne5 a5 20. Bb5 Ne4 21. Qh5 g6 22. Qh4 Ba6 23. Bxa6 Qxa6 24. Qf4 Qb7 25. f3 Nc3 26. Rc2 Nb5 27. Rd2 Rc3 28. h4 h5 29. g4 hxg4 30. fxg4 Nd6 31. h5 Ne4 32. Rg2 g5 33. Qxf7+ Qxf7 34. Rxf7 Rc1+ 35. Kh2 Rac8 36. h6 Nf6 37. Rxf6 Kh7 38. Nf3 Rg8 39. Re2 a4 40. bxa4 Ra1 41. Rexe6 Re8 42. Kg3 1-0


[Site "https://www.chess.com"]

[Event "Titled Tuesday Blitz June 07 Early 2022"]
[White "Nasir, Zehn"]
[Black "Bharath Subramaniyam H"]
[WhiteFideId "2613239"]
[BlackFideId "46634827"]
[WhiteElo "1993"]
[BlackElo "2242"]
[Result "0-1"]
[Round "02"]
[TimeControl "180+1"]
[Date "2022.06.07"]
[WhiteClock "0:00:06"]
[BlackClock "0:01:29"]

1. d4 Nf6 2. Bf4 e6 3. e3 c5 4. c3 b6 5. Nd2 Bb7 6. Ngf3 d6 7. Bd3 Nbd7 8. Qe2 Be7 9. O-O Nh5 10. Be4 d5 11. Bd3 Nxf4 12. exf4 g6 13. Ne5 O-O 14. Rfe1 Rc8 15. Ndf3 cxd4 16. cxd4 Nf6 17. Nxf7 Rxf7 18. Ng5 Qd6 19. Nxf7 Kxf7 20. g3 Bf8 21. Rac1 Rxc1 22. Rxc1 Bg7 23. a3 Ne8 24. Qe3 Qe7 25. Rd1 Nd6 26. f3 Qf6 27. g4 Ke7 28. Kg2 Qxd4 29. Qxd4 Bxd4 30. Bxg6 Be3 31. Bxh7 Bxf4 32. Bd3 e5 33. h4 e4 34. fxe4 dxe4 35. Re1 e3+ 36. Kh3 Ne4 37. Bxe4 Bxe4 38. g5 Bf3 39. g6 e2 40. g7 Kf7 41. Rg1 Kg8 42. h5 Bxh5 43. Kh4 Bf3 44. b4 Bd2 45. Kg3 e1=Q+ 46. Rxe1 Bxe1+ 47. Kxf3 Kxg7 48. Ke4 Bc3 49. Kd5 Bb2 50. a4 Bc3 51. Kc4 Be1 0-1


[Site "https://www.chess.com"]

[Event "Titled Tuesday Blitz June 07 Early 2022"]
[White "Onslow, Alfie"]
[Black "Karaev, Seit-Amet"]
[WhiteFideId "436976"]
[BlackFideId "4169549"]
[WhiteElo "1885"]
[BlackElo "2272"]
[Result "1/2-1/2"]
[Round "02"]
[TimeControl "180+1"]
[Date "2022.06.08"]
[WhiteClock "0:00:05"]
[BlackClock "0:00:02"]

1. e4 Nf6 2. e5 Nd5 3. d4 d6 4. c4 Nb6 5. exd6 cxd6 6. Nf3 g6 7. Nc3 Bg7 8. Be3 O-O 9. h3 Nc6 10. Be2 e5 11. O-O h6 12. dxe5 dxe5 13. Nb5 Be6 14. Qxd8 Raxd8 15. Bxb6 axb6 16. Nc7 e4 17. Nh2 Bf5 18. Nd5 b5 19. Ng4 Bxg4 20. hxg4 bxc4 21. Bxc4 Kh7 22. Ne3 Ne5 23. Rfd1 Rc8 24. Rac1 f5 25. gxf5 gxf5 26. Be6 Rxc1 27. Rxc1 f4 28. Nf5 Rf6 29. Rc7 Rxe6 30. Rxg7+ Kh8 31. Rxb7 Rc6 32. a4 Ng4 33. g3 f3 34. Ne3 Rc1+ 35. Nf1 Rc2 36. Re7 Nxf2 37. a5 Nh3+ 38. Kh1 Rxb2 39. a6 Ra2 40. a7 Nf2+ 41. Kh2 Ng4+ 42. Kh3 Nf6 43. Rf7 Kg8 44. Rxf6 Rxa7 45. Re6 Ra4 46. Ne3 Kf7 47. Re5 Kf6 48. Rf5+ Kg6 49. g4 Ra3 50. Nd5 Kg7 51. Re5 Ra4 52. Kg3 Rd4 53. Nc3 f2 54. Kxf2 e3+ 55. Ke2 Rxg4 56. Rxe3 Rb4 57. Kf3 Rc4 58. Ne4 h5 59. Rd3 Rb4 60. Rd7+ Kg6 61. Kf4 h4 62. Rd6+ Kh7 63. Kf5 h3 64. Ng5+ Kg8 65. Nxh3 Rb5+ 66. Kg6 Kf8 67. Ng5 Ke7 68. Re6+ Kd7 69. Kf6 Rxg5 70. Re7+ Kd8 71. Kxg5 Kxe7 1/2-1/2


[Site "https://www.chess.com"]

[Event "Titled Tuesday Blitz June 07 Early 2022"]
[White "Pajeken, Jakob Leon"]
[Black "Svane, Frederik"]
[WhiteFideId "12942839"]
[BlackFideId "12923044"]
[WhiteElo "2475"]
[BlackElo "2459"]
[Result "0-1"]
[Round "02"]
[TimeControl "180+1"]
[Date "2022.06.07"]
[WhiteClock "0:00:20"]
[BlackClock "0:00:33"]

1. Nf3 c5 2. e4 e6 3. d4 cxd4 4. Nxd4 Nc6 5. Nc3 a6 6. Be2 d6 7. Be3 Nf6 8. f4 Bd7 9. g4 d5 10. e5 Ne4 11. Nxe4 dxe4 12. h4 Qb6 13. Qd2 Qxb2 14. O-O Bb4 15. Qc1 Qxc1 16. Rfxc1 Bc3 17. Nxc6 Bxa1 18. Na5 Bc3 19. Nxb7 O-O 20. Nd6 Bc6 21. Rb1 Rfb8 22. Rxb8+ Rxb8 23. Bxa6 Ra8 24. Bc4 Bd5 25. Bb3 Bxb3 26. axb3 Ra2 27. Nxe4 Rxc2 28. Bc5 Be1 29. h5 Rb2 30. h6 Rxb3 31. hxg7 Kxg7 32. f5 Bg3 33. Ng5 h6 34. fxe6 hxg5 35. e7 Rb8 36. Bd6 Re8 37. Kg2 Bf4 38. Kf3 f6 39. Ke4 Bxe5 40. Bc5 Kf7 41. Kf5 Rxe7 42. Bxe7 Kxe7 0-1


[Site "https://www.chess.com"]

[Event "Titled Tuesday Blitz June 07 Early 2022"]
[White "Perez Gormaz, Matias"]
[Black "Lazavik, Denis"]
[WhiteFideId "3406342"]
[BlackFideId "13515110"]
[WhiteElo "2341"]
[BlackElo "2437"]
[Result "0-1"]
[Round "02"]
[TimeControl "180+1"]
[Date "2022.06.07"]
[WhiteClock "0:00:03"]
[BlackClock "0:01:30"]

1. Nf3 f5 2. d3 Nc6 3. d4 e6 4. c4 Nf6 5. a3 g6 6. d5 exd5 7. cxd5 Ne7 8. d6 cxd6 9. Nc3 Bg7 10. g3 d5 11. Bg2 O-O 12. O-O d6 13. Nd4 Kh8 14. Bg5 Ne4 15. Bxe7 Qxe7 16. Nxd5 Qe5 17. Nc7 Rb8 18. e3 Bd7 19. Rc1 Rbc8 20. Qb3 Nc5 21. Rxc5 dxc5 22. Nde6 Bxe6 23. Nxe6 c4 0-1


[Site "https://www.chess.com"]

[Event "Titled Tuesday Blitz June 07 Early 2022"]
[White "Piesik, Piotr"]
[Black "Bortnyk, Olexandr"]
[WhiteFideId "1136194"]
[BlackFideId "14120828"]
[WhiteElo "2247"]
[BlackElo "2723"]
[Result "1/2-1/2"]
[Round "02"]
[TimeControl "180+1"]
[Date "2022.06.07"]
[WhiteClock "0:00:08"]
[BlackClock "0:00:03"]

1. Nf3 d6 2. d4 Nf6 3. g3 g6 4. Bg2 Bg7 5. O-O O-O 6. Nbd2 Nc6 7. e4 e5 8. dxe5 dxe5 9. c3 Qd3 10. Re1 Rd8 11. Bf1 Qd6 12. Qc2 h6 13. Nc4 Qe7 14. b4 a6 15. a4 Bg4 16. Nfd2 Be6 17. Ne3 Ng4 18. Nxg4 Bxg4 19. Nc4 Be6 20. Ne3 Nd4 21. cxd4 exd4 22. Nf5 gxf5 23. exf5 Bxf5 24. Rxe7 Bxc2 25. Bd2 Rac8 26. Bc4 Rf8 27. b5 Bf6 28. Rd7 Bf5 29. Rd5 Be6 30. Rc5 Bxc4 31. Rxc4 Kg7 32. Bf4 c6 33. Rac1 axb5 34. axb5 Rfd8 35. bxc6 Rxc6 36. Rxc6 bxc6 37. Rxc6 d3 38. Rc1 Bg5 39. Bxg5 hxg5 40. f4 gxf4 41. gxf4 Kf6 42. Kf2 d2 43. Rd1 Kf5 44. Ke3 Re8+ 45. Kxd2 Rh8 46. Rh1 Ke4 47. Ke2 f5 48. h4 Kxf4 49. h5 Rh6 50. Kf2 Kg4 51. Kg2 Ra6 52. h6 Ra2+ 53. Kf1 Ra1+ 54. Kg2 Ra2+ 55. Kf1 Kg3 56. Rh5 f4 57. h7 Ra1+ 58. Ke2 f3+ 59. Ke3 Ra3+ 60. Ke4 Ra4+ 61. Ke3 Ra3+ 62. Ke4 Ra4+ 63. Ke3 Ra3+ 1/2-1/2


[Site "https://www.chess.com"]

[Event "Titled Tuesday Blitz June 07 Early 2022"]
[White "Polanco Nunez, Yoel Estarling"]
[Black "Gurevich, Dmitry"]
[WhiteFideId "6401783"]
[BlackFideId "2000407"]
[WhiteElo "2132"]
[BlackElo "2506"]
[Result "0-1"]
[Round "02"]
[TimeControl "180+1"]
[Date "2022.06.08"]
[WhiteClock "0:00:06"]
[BlackClock "0:00:04"]

1. Nf3 Nf6 2. g3 d5 3. Bg2 c6 4. O-O Bf5 5. c4 e6 6. cxd5 exd5 7. d3 Be7 8. Nc3 O-O 9. Qb3 Qb6 10. Qc2 Na6 11. a3 Rac8 12. Be3 Qc7 13. Rac1 Qb8 14. Bf4 Bd6 15. Bxd6 Qxd6 16. Rfe1 h6 17. Qd2 Bh7 18. e3 Nc5 19. d4 Nb3 20. Qd1 Nxc1 21. Qxc1 Ne4 22. Ne5 f6 23. Nf3 a6 24. Rd1 Rfe8 25. Ne2 a5 26. Nf4 g5 27. Nd3 Bg6 28. Nc5 Nxc5 29. dxc5 Qc7 30. Nd4 a4 31. Bh3 Ra8 32. Qd2 Qa5 33. Qc1 Qa6 34. Be6+ Kg7 35. h4 Qc4 36. Qd2 Qxc5 37. Bd7 Re7 38. Bf5 Rae8 39. Bxg6 Kxg6 40. Qd3+ Kg7 41. Nf5+ Kh8 42. hxg5 fxg5 43. Kg2 Qc4 44. Qxc4 dxc4 45. Nxe7 Rxe7 46. Rd4 b5 47. Rd6 Rc7 48. Rxh6+ Kg7 49. Rd6 Kf7 50. e4 Ke7 51. Rg6 c5 52. Rxg5 b4 53. Rg7+ Kd8 54. Rg8+ Kd7 55. Rg4 c3 56. bxc3 b3 57. Rh4 c4 58. Rh1 Kc6 59. Kf3 Rd7 60. Rc1 Rd3+ 61. Kf4 Kc5 62. f3 Rxc3 63. Rxc3 b2 64. Re3 b1=Q 65. e5 Qg6 66. e6 Qf6+ 67. Kg4 Qe7 68. f4 Kd4 69. f5 Kxe3 70. f6 Qxf6 71. e7 Qxe7 0-1


[Site "https://www.chess.com"]

[Event "Titled Tuesday Blitz June 07 Early 2022"]
[White "Riehle, Marco"]
[Black "Florescu, Codrut-Constantin"]
[WhiteFideId "12904392"]
[BlackFideId "1202200"]
[WhiteElo "2462"]
[BlackElo "2191"]
[Result "0-1"]
[Round "02"]
[TimeControl "180+1"]
[Date "2022.06.08"]
[WhiteClock "0:01:23"]
[BlackClock "0:01:00"]

1. e4 c5 2. a3 e5 3. Nc3 Nf6 4. Bc4 d6 5. d3 Be6 6. Bxe6 fxe6 7. f4 Nc6 8. Nf3 Be7 9. fxe5 dxe5 10. O-O O-O 11. h3 h6 12. Qe1 Nh5 13. Be3 Nf4 14. Qg3 g5 15. h4 Nd4 16. Kh2 Nxc2 17. Nxe5 Nxe3 18. Qxe3 Bd6 19. g3 Bxe5 20. Qxc5 Nxd3 21. Qc4 Qd6 22. Rfd1 Bxg3+ 23. Kg2 Rf2+ 24. Kg1 Bxh4 25. e5 Qxe5 0-1


[Site "https://www.chess.com"]

[Event "Titled Tuesday Blitz June 07 Early 2022"]
[White "Rodrigue-Lemieux, Shawn"]
[Black "Yang, Kaiqi"]
[WhiteFideId "2620049"]
[BlackFideId "8604398"]
[WhiteElo "1763"]
[BlackElo "2373"]
[Result "0-1"]
[Round "02"]
[TimeControl "180+1"]
[Date "2022.06.07"]
[WhiteClock "0:00:12"]
[BlackClock "0:00:55"]

1. a3 Nf6 2. c4 g6 3. b4 Bg7 4. Bb2 d6 5. g3 e5 6. Bg2 O-O 7. e3 Nbd7 8. Ne2 Re8 9. O-O h5 10. d4 e4 11. Nf4 c6 12. Nc3 h4 13. gxh4 Nf8 14. Nce2 Bg4 15. h3 Bf3 16. Bxf3 exf3 17. Ng3 N6h7 18. Qxf3 Qxh4 19. Qg4 Qh6 20. Rae1 Nf6 21. Qf3 N8h7 22. d5 Ng5 23. Qg2 cxd5 24. Bxf6 Bxf6 25. Qxd5 Be5 26. Nge2 Nxh3+ 27. Nxh3 Qxh3 28. Qg2 Qh6 29. f4 Bb2 30. Ng3 Bxa3 31. Rb1 a5 32. bxa5 Bc5 33. Rb3 Rxe3 34. Rxe3 Bxe3+ 35. Rf2 Qxf4 0-1


[Site "https://www.chess.com"]